AoeStats
← rafoBR

Arena

509731288Analyzed
3v3 RM · 5d ago on Sep 27, 2026· 38m 4s· 6 players
Game mode
Random Map
Map size
Normal (6 player)
Population
200
Speed
Normal
Resources
Standard
Victory
Conquest
Starting age
Dark Age
Ending age
Imperial Age
RankedLock teamsTeams togetherTeam positionsShared explorationLock speedFull tech treeHidden civsTurbo modeCheats
Victory
Defeat
🇲🇽 Danes · Mexico
1473
+9
🇺🇸 Celts · United States
1391
+12
🇲🇽 Teutons · Mexico
1289
+16
🇦🇷 Britons · Argentina
1309
-13
🇲🇽 Saxons · Mexico
1291
-12
🇧🇷 Malians · Brazil
1283
-12
rafoBR
10:40 Feudal Age
11:04 Loom
12:49 Fletching
20:55 Castle Age
19:45 Double-Bit Axe
19:43 Horse Collar
19:58 Gold Mining
21:57 Heavy Plow
22:11 Bow Saw
24:25 Forging
28:35 Iron Casting
30:14 Gold Shaft Mining
29:51 Town Watch
34:03 Bodkin Arrow
35:16 Wheelbarrow
34:19 Crossbowman
35:05 Thumb Ring
35:50 Masonry
xblxavier
11:08 Feudal Age
12:17 Double-Bit Axe
15:00 Castle Age
13:35 Horse Collar
14:05 Gold Mining
16:01 Heavy Plow
17:39 Squires
17:37 Loom
19:11 Wheelbarrow
18:50 Bow Saw
20:16 Scale Mail Armor
21:37 Chain Mail Armor
23:06 Arson
24:08 Forging
28:39 Imperial Age
26:48 Gambesons
27:50 Hand Cart
30:29 Gold Shaft Mining
29:45 Stone Mining
30:44 Man-at-Arms
32:24 Plate Mail Armor
32:29 Iron Casting
31:50 Long Swordsman
33:57 Crop Rotation
32:51 Two-Handed Swordsman
33:47 Champion
38:00 Fletching
Matt Damon
10:24 Feudal Age
12:12 Wheelbarrow
11:53 Stone Mining
14:33 Castle Age
12:41 Double-Bit Axe
13:47 Gold Mining
13:41 Horse Collar
15:58 Bow Saw
21:15 Fletching
21:56 Padded Archer Armor
23:33 Ballistics
25:07 Yeomen
25:11 Loom
25:11 Town Watch
26:46 Leather Archer Armor
33:09 Imperial Age
31:14 Hand Cart
31:37 Bodkin Arrow
31:56 Heavy Plow
33:36 Town Patrol
34:07 Bracer
35:18 Chemistry
34:41 Elite Longbowman
36:00 Conscription
36:28 Ring Archer Armor
37:00 Treadmill Crane
37:32 Fortified Wall
37:17 Murder Holes
38:46 Two-Man Saw
38:23 Gold Shaft Mining
Compare bear
3:58 Loom
10:37 Feudal Age
15:07 Castle Age
13:28 Double-Bit Axe
13:24 Horse Collar
16:02 Bow Saw
18:23 Town Watch
23:32 Wheelbarrow
22:42 Loom
25:26 Hand Cart
28:20 Imperial Age
26:08 Scale Mail Armor
26:18 Forging
27:15 Chain Mail Armor
27:52 Squires
27:37 Arson
28:30 Iron Casting
28:01 Gold Mining
28:01 Stone Mining
28:23 Elite Varangian Guard
30:16 Conscription
30:44 Capped Ram
33:17 Plate Mail Armor
33:48 Blast Furnace
33:33 Gold Shaft Mining
33:53 Hamask
34:56 Siege Ram
36:32 Hoardings
36:54 Elite Jomsviking
38:48 Chemistry
MF | Robert_
8:06 Loom
9:52 Feudal Age
12:00 Loom
14:22 Castle Age
13:40 Double-Bit Axe
13:40 Horse Collar
18:55 Loom
30:02 Gold Mining
34:00 Imperial Age
31:53 Scale Mail Armor
32:54 Chain Mail Armor
34:51 Fortified Wall
35:21 Plate Mail Armor
36:03 Forging
36:13 Onager
37:23 Bow Saw
37:10 Onager
MF | NataliaMx
6:48 Loom
8:47 Feudal Age
13:09 Fletching
22:22 Castle Age
20:23 Double-Bit Axe
20:20 Horse Collar
23:28 Scale Mail Armor
24:05 Forging
36:06 Forging
36:15 Heavy Plow
37:08 Chain Mail Armor
37:59 Iron Casting
38:22 Wheelbarrow
Connection lost

Rejoining the realm…

Still unreachable

The connection could not be restored.

Session expired

The server has moved on; the page needs a fresh start.